AoeStats
← 150490644@

Arena

507074874Analyzed
1v1 RM · 16d ago on Sep 16, 2026· 30m 32s· 2 players
Game mode
Random Map
Map size
Tiny (2 player)
Population
200
Speed
Normal
Resources
Standard
Victory
Conquest
Starting age
Dark Age
Ending age
Imperial Age
RankedLock teamsTeams togetherTeam positionsShared explorationLock speedFull tech treeHidden civsTurbo modeCheats
Victory
Defeat
🇵🇱 Turks · Poland
987
+16
🇮🇹 Franks · Italy
996
-16
coahir
10:33 Feudal Age
16:15 Castle Age
21:15 Imperial Age
18:54 Double-Bit Axe
19:05 Horse Collar
20:05 Padded Archer Armor
21:32 Leather Archer Armor
21:36 Heavy Plow
31:47 Wheelbarrow
150490644@
10:49 Feudal Age
11:59 Double-Bit Axe
15:21 Castle Age
16:29 Wheelbarrow
16:12 Bow Saw
22:22 Hand Cart
23:45 Scale Barding Armor
24:16 Loom
25:41 Forging
27:58 Husbandry
29:47 Chain Barding Armor
Connection lost

Rejoining the realm…

Still unreachable

The connection could not be restored.

Session expired

The server has moved on; the page needs a fresh start.